 Dungeon Crawl Stone Soup version 0.28-a0-1447-ga5a8893891 (webtiles) character file.

Game seed: 3343882963217752228

35 RepHenryClay the Poker (level 3, 0/27 HPs)
             Began as a Merfolk Gladiator on Jan 11, 2022.
             Succumbed to a kobold's poison
             ... on level 2 of the Dungeon.
             The game lasted 00:02:24 (1394 turns).

RepHenryClay the Poker (Merfolk Gladiator)          Turns: 1394, Time: 00:02:25

Health: 0/27       AC:  4    Str: 14    XL:     3   Next: 33%
Magic:  3/3        EV: 14    Int:  7    God:
Gold:   15         SH:  0    Dex: 17    Spells: 2/2 levels left

rFire   . . .      SeeInvis .   a - +0 trident
rCold   . . .      Faith    .   (no shield)
rNeg    . . .      Spirit   .   h - +0 leather armour
rPois   .          Reflect  .   c - +0 helmet
rElec   .          Harm     .   (no cloak)
rCorr   .          Rampage  .   (no gloves)
Will    .....                   (no boots)
Stlth   +.........              (no amulet)
HPRegen 0.09/turn               (no ring)
MPRegen 0.08/turn               (no ring)

@: brilliant, lethally poisoned (0 -> -24)
A: (nimble swimmer 2), mertail
a: no special abilities


You were on level 2 of the Dungeon.
You visited 1 branch of the dungeon, and saw 2 of its levels.

You collected 15 gold pieces.

Inventory:

Hand Weapons
 a - a +0 trident (weapon)
 b - a +0 dagger of venom
Missiles
 d - 3 throwing nets (quivered)
Armour
 c - a +0 helmet (worn)
 e - a +0 buckler
 h - a +0 leather armour (worn)
Jewellery
 g - an amulet of magic regeneration
Scrolls
 f - a scroll of identify {unknown}


   Skills:
 - Level 2.1 Fighting
 + Level 5.4 Polearms
 - Level 2.0 Throwing
 + Level 4.9 Dodging


You had 2 spell levels left.
You didn't know any spells.
Your spell library contained the following spells:

 Spells                   Type           Power      Damage    Failure   Level
 Stone Arrow              Conj/Erth      0%         3d7       87%         3
 Animate Armour           Summ/Erth      0%         N/A       99%         4
 Lehudib's Crystal Spear  Conj/Erth      0%         10d2      100%        8


Dungeon Overview and Level Annotations

Branches:
Dungeon (2/15)

Altars:


Innate Abilities, Weirdness & Mutations

((You are very nimble when in or above water. (Stealth+, EV+, Speed+++)))
Your lower body shifts to a powerful aquatic tail in water.


Message History

The rat completely misses you. The kobold barely misses you.
You closely miss the rat.
The rat is heavily wounded.
The rat bites you. The kobold misses you.
Damage: -3%(-1hp) hp: 97%(26hp)
You hit the kobold.
The kobold is severely wounded.
The rat misses you. The kobold barely misses you.
You closely miss the kobold.
The kobold is severely wounded.
The rat closely misses you. The kobold hits you but does no damage.
You are poisoned.
You miss the kobold.
The kobold is severely wounded.
You feel very sick. The rat bites you but does no damage.
The kobold barely misses you.
Damage: -11%(-3hp) hp: 86%(23hp)
You closely miss the kobold.
The kobold is severely wounded.
You feel sick. The rat bites you.
The kobold hits you with a +2 short sword of venom.
You are lethally poisoned!
Huge Dmg: -26%(-7hp) hp: 60%(16hp)
You hit the kobold but do no damage.
The kobold is severely wounded.
You feel very sick. The rat closely misses you. The kobold closely misses you.
Damage: -11%(-3hp) hp: 49%(13hp)
You hit the kobold but do no damage.
The kobold is severely wounded.
* * * LOW HITPOINT WARNING * * *
You feel very sick. The rat bites you but does no damage.
The kobold hits you with a +2 short sword of venom.
* * * LOW HITPOINT WARNING * * *
You are more poisoned.
Huge Dmg: -30%(-8hp) hp: 19%(5hp) It was a potion of brilliance.
You feel clever all of a sudden.
You die...

≈≈≈≈≈≈.....# #...
≈≈≈≈≈≈....####....
≈≈≈≈P.............
≈≈≈PPP.....#......
≈≈.P.........#....
.≈≈♣.......!....##
.≈≈.............#
.PP........#.....
#.....@†.##.##..
##...Kr.#...# ..
####.....#.#
...#### .. .#.##
.. .... . .....
##.<..


You could see a kobold and a rat.

Vanquished Creatures
  An adder (D:2)
  A worm (D:2)
  2 endoplasms
  2 giant cockroaches (D:1)
  2 goblins (D:1)
  2 hobgoblins
  3 kobolds (D:2)
  A quokka (D:2)
  2 ball pythons (D:1)
  2 bats
  2 frilled lizards
  4 rats
24 creatures vanquished.

Notes
Turn   | Place    | Note
-------+----------+-------------------------------------------
     0 | D:1      | RepHenryClay the Merfolk Gladiator began the quest for the
                  | Orb.
     0 | D:1      | Reached XP level 1. HP: 16/16 MP: 1/1
   302 | D:1      | Reached XP level 2. HP: 22/22 MP: 2/2
   852 | D:2      | Reached skill level 5 in Polearms
  1294 | D:2      | Reached XP level 3. HP: 27/27 MP: 3/3
  1394 | D:2      | Succumbed to a kobold's poison

Illustrated notes

Levels and vault maps discovered:
D:1:      tarquinn_simple_flora_water_a, layout_basic, item_on_display_a
D:2:      layout_rooms, guppyfry_early_lair_pool

Skill      XL: |  1  2 |
---------------+-------+-----
Polearms       | 5 |  5.4
Fighting       | |  2.1
Throwing       | |  2.0
Dodging        | |  4.9

Action                   || total
-------------------------++-------
Melee: Trident           ||    75
       Punch             ||     1
  Use: Potion            ||     1
 Stab: Sleeping          ||     1
Armor: Leather armour    ||    22
Dodge: Dodged            ||    49

Table legend: (Time is in decaauts)
 A = Elapsed time spent in this place.
 B = Non-inter-level travel time spent in this place.
 C = Inter-level travel time spent in this place.
 D = Time resting spent in this place.
 E = Time spent auto-exploring this place.
 F = Levels seen in this place.
 G = Mean time per level.
                   A        B        C        D        E       F      G
               +--------+--------+--------+--------+--------+-----+--------+
         Total |   1402 |   1385 |     17 |    341 |    846 |   2 |  701.0 |
       Dungeon |   1402 |   1385 |     17 |    341 |    846 |   2 |  701.0 |
               +--------+--------+--------+--------+--------+-----+--------+

Top non-repeatable levels by time:
     D:1: 1184 daAuts
     D:2: 218 daAuts
